[Event "Titled Tuesday Blitz March 08 Early 2022"]
[White "Tsatsalashvili, Keti"]
[Black "Ianov, Viktor"]
[WhiteFideId "13603434"]
[BlackFideId "14102730"]
[WhiteElo "2246"]
[BlackElo "2161"]
[Result "1-0"]
[Round "04"]
[TimeControl "180+1"]
[Date "2022.03.09"]
[WhiteClock "0:00:31"]
[BlackClock "0:01:36"]

1. d4 d6 2. c4 g6 3. Nc3 Bg7 4. e4 Nc6 5. Be3 e5 6. Nge2 Nf6 7. f3 O-O 8. d5 Ne7 9. g4 c5 10. h4 h5 11. g5 Nh7 12. Qd2 f6 13. gxf6 Bxf6 14. O-O-O a6 15. Kb1 b5 16. cxb5 axb5 17. Nxb5 Ba6 18. Nbc3 Nc8 19. Rg1 Kf7 20. Bh3 Bxh4 21. Be6+ Kf6 22. f4 Ne7 23. fxe5+ dxe5 24. Bh6 Nf5 25. exf5 gxf5 26. Rdf1 f4 27. Ne4+ Ke7 28. Rg7+ 1-0


[Site "https://www.chess.com"]

[Event "Titled Tuesday Blitz March 08 Early 2022"]
[White "Urbina Perez, Juan Antonio"]
[Black "Siva Mahadevan"]
[WhiteFideId "2217368"]
[BlackFideId "25043153"]
[WhiteElo "2192"]
[BlackElo "2203"]
[Result "0-1"]
[Round "04"]
[TimeControl "180+1"]
[Date "2022.03.09"]
[WhiteClock "0:00:38"]
[BlackClock "0:01:20"]

1. e4 c5 2. Nf3 Nc6 3. Bb5 Na5 4. O-O a6 5. Be2 b5 6. d4 cxd4 7. Nxd4 Bb7 8. f3 e6 9. a4 b4 10. c3 Nf6 11. Be3 Rc8 12. Bf2 Be7 13. Bd3 O-O 14. Qe2 d5 15. e5 Nd7 16. Bxa6 Bxa6 17. Qxa6 Nxe5 18. Re1 Nec6 19. Nxc6 Nxc6 20. cxb4 Nxb4 21. Qe2 Nc2 22. Nc3 Nxe1 23. Qxe1 Bb4 24. a5 Ra8 25. a6 Qd6 26. Qe2 Bc5 27. Bxc5 Qxc5+ 28. Qf2 Qxf2+ 29. Kxf2 Rfb8 30. Ra5 Rxb2+ 31. Kg3 Rb6 32. a7 Rb7 33. Nb5 d4 34. Kf4 e5+ 35. Ke4 Kf8 36. g4 Ke7 37. Kxe5 d3 38. Nd6 d2 39. Nc8+ Rxc8 0-1


[Site "https://www.chess.com"]

[Event "Titled Tuesday Blitz March 08 Early 2022"]
[White "Van Foreest, Jorden"]
[Black "Madaminov, Mukhiddin"]
[WhiteFideId "1039784"]
[BlackFideId "14210703"]
[WhiteElo "2609"]
[BlackElo "1916"]
[Result "1-0"]
[Round "04"]
[TimeControl "180+1"]
[Date "2022.03.08"]
[WhiteClock "0:00:30"]
[BlackClock "0:00:01"]

1. b3 e5 2. Bb2 Nc6 3. e3 d5 4. Bb5 Bd6 5. f4 Qe7 6. Nf3 Bg4 7. fxe5 Bxe5 8. Bxe5 Bxf3 9. Qxf3 Qxe5 10. Nc3 Nf6 11. O-O O-O 12. Bxc6 bxc6 13. Qf4 Rae8 14. Qxe5 Rxe5 15. Rf4 Rfe8 16. Ra4 Ra8 17. Ra6 Re6 18. Rf1 Nd7 19. Rf4 Nc5 20. Ra5 Nb7 21. Ra6 Nc5 22. Ra3 Kf8 23. Ne2 Rd6 24. Nd4 g6 25. Nf3 Ke7 26. Rb4 a5 27. Rh4 h5 28. b4 Nb7 29. Ne5 c5 30. bxa5 Rxa5 31. Rxa5 Nxa5 32. Ra4 Nc4 33. Nxc4 dxc4 34. Rxc4 Rxd2 35. Rxc5 Kd7 36. Rc3 Kc8 37. h4 Kb7 38. Kh2 c6 39. Kg3 Kc7 40. e4 Kb6 41. Kf3 Kc7 42. g3 Rd1 43. Kf4 f6 44. Ke3 Re1+ 45. Kd4 Rg1 46. Rf3 Kd7 47. a4 Rd1+ 48. Kc4 Ke6 49. Ra3 Ra1 50. Rxa1 1-0


[Site "https://www.chess.com"]

[Event "Titled Tuesday Blitz March 08 Early 2022"]
[White "Vasquez Schroeder, Rodrigo"]
[Black "Mitusov, Semen"]
[WhiteFideId "3400042"]
[BlackFideId "14151049"]
[WhiteElo "2561"]
[BlackElo "2265"]
[Result "1-0"]
[Round "04"]
[TimeControl "180+1"]
[Date "2022.03.08"]
[WhiteClock "0:02:11"]
[BlackClock "0:01:16"]

1. e4 e5 2. Nf3 Qe7 3. Bc4 d6 4. O-O Bg4 5. h3 Bh5 6. c3 c6 7. d4 Qc7 8. Re1 Nf6 9. Nbd2 Be7 10. Nf1 Nbd7 11. Ng3 Bg6 12. Nh4 O-O-O 13. Nhf5 Bf8 14. Qf3 Kb8 15. Bb3 h5 16. Bg5 Re8 17. Rad1 Nh7 18. Be3 Nhf6 19. Nh4 exd4 20. Nxg6 fxg6 21. cxd4 h4 22. Ne2 Rxe4 23. Nf4 d5 24. Nxg6 Rg8 25. Bc2 Bd6 26. Bxe4 Nxe4 27. Nxh4 Ndf6 28. Nf5 Ka8 29. Nxd6 Qxd6 30. Bf4 Qd7 31. Be5 Rf8 32. Qe2 a6 33. f3 Nd6 34. Bxd6 Qxd6 35. Qe7 Qb8 36. Qxg7 Nh5 37. Qe5 1-0


[Site "https://www.chess.com"]

[Event "Titled Tuesday Blitz March 08 Early 2022"]
[White "Viskelis, Darius"]
[Black "Sinitsina, Anastassia"]
[WhiteFideId "12800830"]
[BlackFideId "4504640"]
[WhiteElo "1978"]
[BlackElo "2144"]
[Result "1-0"]
[Round "04"]
[TimeControl "180+1"]
[Date "2022.03.09"]
[WhiteClock "0:00:04"]
[BlackClock "0:00:08"]

1. e4 e5 2. Nf3 Nc6 3. Bc4 Bc5 4. b4 Bxb4 5. c3 Ba5 6. d4 d6 7. Qb3 Qe7 8. d5 Nd4 9. Nxd4 exd4 10. Qa4+ Bd7 11. Qxa5 Qxe4+ 12. Kd1 Bg4+ 13. f3 Bxf3+ 14. gxf3 Qxf3+ 15. Kc2 Qxh1 16. Qxc7 Qxh2+ 17. Kb3 Nf6 18. Bb5+ Kf8 19. Ba3 Ne4 20. cxd4 Qg3+ 21. Ka4 a6 22. Bd7 b5+ 23. Ka5 g6 24. Bb4 Kg7 25. Nc3 Nxc3 26. Bxd6 Nxd5 27. Bxg3 Nxc7 28. Bxc7 h5 29. Rg1 h4 30. Rf1 h3 31. Be5+ Kh6 32. Bxh3 Rhe8 33. Bg4 Kg5 34. Bf3 f5 35. Bxa8 Rxa8 36. Rg1+ Kh6 37. d5 g5 38. d6 Kg6 39. Re1 Rd8 40. Rd1 f4 41. d7 Kf5 42. Bc7 Rxd7 43. Rxd7 f3 44. Rf7+ Ke4 45. Kxa6 Ke3 46. Kxb5 f2 47. Bb6+ Ke2 48. Bxf2 1-0


[Site "https://www.chess.com"]

[Event "Titled Tuesday Blitz March 08 Early 2022"]
[White "Vivas Zamora, Fabian Ernesto"]
[Black "Pershin, Denis"]
[WhiteFideId "3902480"]
[BlackFideId "24165506"]
[WhiteElo "1966"]
[BlackElo "2275"]
[Result "0-1"]
[Round "04"]
[TimeControl "180+1"]
[Date "2022.03.09"]
[WhiteClock "0:00:01"]
[BlackClock "0:00:30"]

1. c4 Nf6 2. Nc3 c6 3. g3 d5 4. Bg2 dxc4 5. a4 Nbd7 6. Nf3 Nc5 7. b4 cxb3 8. d4 Nce4 9. Qxb3 Qa5 10. Bb2 Nd5 11. Rc1 Nexc3 12. Bxc3 Nxc3 13. Rxc3 Be6 14. Qc2 g6 15. O-O Rc8 16. Rc5 Qd8 17. Rb1 Rc7 18. Ne5 Bg7 19. d5 Bf5 20. e4 Bxe5 21. exf5 Bd4 22. Rc4 c5 23. fxg6 hxg6 24. d6 Qxd6 25. Rxb7 Rxb7 26. Bxb7 O-O 27. Qe4 Rb8 28. Rc2 e6 0-1


[Site "https://www.chess.com"]

[Event "Titled Tuesday Blitz March 08 Early 2022"]
[White "Vlassov, Nikolai"]
[Black "Tari, Aryan"]
[WhiteFideId "4103360"]
[BlackFideId "1510045"]
[WhiteElo "2407"]
[BlackElo "2567"]
[Result "1-0"]
[Round "04"]
[TimeControl "180+1"]
[Date "2022.03.08"]
[WhiteClock "0:00:10"]
[BlackClock "0:00:13"]

1. e4 c6 2. d4 d5 3. e5 Bf5 4. Nc3 e6 5. g4 Bg6 6. Nge2 c5 7. Be3 Nc6 8. dxc5 h5 9. Nf4 Bh7 10. Bb5 hxg4 11. Qxg4 Nh6 12. Qg2 Nf5 13. O-O-O Qa5 14. Kb1 O-O-O 15. Bxc6 bxc6 16. Nce2 Nxe3 17. fxe3 Be4 18. Qg3 Bxh1 19. Rxh1 Qxc5 20. Nd4 Qb6 21. Rd1 g6 22. Rd3 c5 23. Rb3 Qa6 24. Nde2 c4 25. Rc3 Bb4 26. a3 Bxc3 27. Nxc3 d4 28. exd4 Rxd4 29. Qe3 Rhd8 30. Nfe2 R4d7 31. Ne4 Qb6 32. Qc3 Rc7 33. Nd6+ Kb8 34. Nd4 Qc5 35. Ka2 Rcd7 36. h4 Rxd6 37. exd6 Rxd6 38. Nf3 Kb7 39. Qf6 Rd7 40. Ne5 Rc7 41. Nxf7 Qe7 42. Qf3+ Ka6 43. Ne5 Qd6 44. Nxg6 c3 45. b3 Qd2 46. Qe4 Qd5 47. Qa4+ Kb6 48. Qb4+ Qb5 49. Qd6+ Qc6 50. Qb4+ Ka6 51. Ne5 Qc5 52. Qa4+ Kb7 53. Nd3 Qd6 54. Qb5+ Qb6 55. Qe5 Rd7 56. Nc5+ Kc6 57. Nxd7 Kxd7 58. Qxc3 Qf2 59. Qd3+ Ke7 60. h5 Qh2 61. Qb5 Qxc2+ 62. Ka1 Qc1+ 63. Ka2 Qd2+ 64. Ka1 Qe1+ 65. Ka2 Qf2+ 66. Ka1 Qg1+ 67. Kb2 Qh2+ 68. Kc3 Qg3+ 69. Kb4 Qe1+ 70. Ka4 Qh4+ 71. Qb4+ Qxb4+ 72. Kxb4 Kf6 73. Kc5 e5 74. Kd5 Kf5 75. h6 e4 76. h7 1-0


[Site "https://www.chess.com"]

[Event "Titled Tuesday Blitz March 08 Early 2022"]
[White "Vogel, Roven"]
[Black "Oparin, Grigoriy"]
[WhiteFideId "12908088"]
[BlackFideId "24125890"]
[WhiteElo "2516"]
[BlackElo "2665"]
[Result "0-1"]
[Round "04"]
[TimeControl "180+1"]
[Date "2022.03.08"]
[WhiteClock "0:01:19"]
[BlackClock "0:02:12"]

1. Nf3 Nf6 2. c4 c5 3. Nc3 e5 4. Nxe5 d5 5. cxd5 Nxd5 6. Qa4+ Ke7 7. Qe4 Be6 8. Qh4+ f6 9. Ng6+ hxg6 10. Qxh8 Nc6 11. Qh4 Ndb4 12. Qe4 Kf7 13. e3 Ne5 14. d4 cxd4 15. exd4 Qxd4 16. Qxb7+ Be7 17. Be2 Ned3+ 18. Bxd3 Nxd3+ 19. Ke2 Qxf2+ 20. Kxd3 Rd8+ 21. Ke4 Bf5# 0-1


[Site "https://www.chess.com"]

[Event "Titled Tuesday Blitz March 08 Early 2022"]
[White "Volkov, Maksim"]
[Black "Demchenko, Anton"]
[WhiteFideId "54123070"]
[BlackFideId "4160258"]
[WhiteElo "2081"]
[BlackElo "2539"]
[Result "1-0"]
[Round "04"]
[TimeControl "180+1"]
[Date "2022.03.08"]
[WhiteClock "0:00:13"]
[BlackClock "0:00:03"]

1. d4 Nf6 2. c4 d6 3. Nf3 Nbd7 4. g3 e5 5. Bg2 g6 6. Nc3 Bg7 7. O-O O-O 8. e4 exd4 9. Nxd4 Nc5 10. h3 Re8 11. Re1 a5 12. Qc2 a4 13. Be3 c6 14. Rad1 Nfd7 15. f4 Qe7 16. Bf2 Nb6 17. b3 axb3 18. axb3 Nbd7 19. b4 Na6 20. b5 Nb4 21. Qb3 c5 22. Nf3 Qf8 23. Nd5 Nxd5 24. exd5 Nb6 25. Ng5 Rxe1+ 26. Rxe1 h6 27. Ne4 Bf5 28. Nd2 Ra4 29. g4 Bd7 30. Bf1 Qa8 31. Ne4 Rb4 32. Qc2 Rb2 33. Qd3 Qf8 34. Re2 f5 35. gxf5 Bxf5 36. Rxb2 Bxb2 37. Qf3 Qe7 38. Ng3 Bc2 39. f5 Qf6 40. Qg4 Bxf5 41. Nxf5 Qxf5 42. Qh4 Qg5+ 43. Qxg5 hxg5 44. Bg3 Be5 45. Bxe5 dxe5 46. d6 Kf7 47. Bg2 Ke6 48. Bxb7 Nxc4 49. Bd5+ Kxd6 50. Bxc4 e4 51. Kf2 Kc7 52. Ke3 Kb6 53. Kxe4 Kc7 54. Kd5 Kb6 55. Kd6 1-0


[Site "https://www.chess.com"]

[Event "Titled Tuesday Blitz March 08 Early 2022"]
[White "Von Buelow, Georg"]
[Black "Kirillov, Dmitry"]
[WhiteFideId "4620658"]
[BlackFideId "34180572"]
[WhiteElo "2238"]
[BlackElo "2076"]
[Result "0-1"]
[Round "04"]
[TimeControl "180+1"]
[Date "2022.03.09"]
[WhiteClock "0:00:10"]
[BlackClock "0:00:03"]

1. e4 c5 2. Nf3 e6 3. d4 cxd4 4. Nxd4 Nf6 5. Nc3 Nc6 6. Ndb5 Bc5 7. Bf4 O-O 8. Bc7 Qe7 9. Bd6 Bxd6 10. Qxd6 Qd8 11. Nc7 Rb8 12. O-O-O a6 13. Be2 b5 14. e5 Ng4 15. Bxg4 Qg5+ 16. Kb1 Qxg4 17. Rd3 Qg5 18. Re1 Bb7 19. Rg3 Qd8 20. Rd3 Rc8 21. N7xb5 axb5 22. Nxb5 Ba6 23. a4 Qa5 24. Red1 Bxb5 25. axb5 Qxb5 26. Qxd7 g6 27. f4 Rb8 28. Rb3 Qa6 29. Ra3 Qe2 30. Qd2 Qb5 31. Rb3 Qa6 32. Rxb8 Rxb8 33. Qd3 Qb6 34. Qc3 Nb4 35. b3 Nd5 36. Qd4 Qa5 37. c4 Nc3+ 38. Kc2 Nxd1 39. Qd8+ Rxd8 40. b4 Qxb4 0-1


[Site "https://www.chess.com"]

[Event "Titled Tuesday Blitz March 08 Early 2022"]
[White "Weetik, Vjacheslav"]
[Black "Tabatabaei, M. Amin"]
[WhiteFideId "4153472"]
[BlackFideId "12521213"]
[WhiteElo "2469"]
[BlackElo "2544"]
[Result "0-1"]
[Round "04"]
[TimeControl "180+1"]
[Date "2022.03.08"]
[WhiteClock "0:00:02"]
[BlackClock "0:00:13"]

1. d4 Nf6 2. Nf3 g6 3. Bg5 Bg7 4. Nbd2 h6 5. Bh4 d6 6. e4 g5 7. Bg3 Nh5 8. c3 e6 9. Bc4 a6 10. a4 b6 11. O-O Nd7 12. Ne5 Nxg3 13. Nc6 Nxf1 14. Nxd8 Nxd2 15. Bxe6 Kxd8 16. Bxd7 Bxd7 17. Qxd2 Re8 18. Qd3 Ke7 19. Qc4 Rec8 20. Re1 b5 21. axb5 axb5 22. Qd3 c5 23. e5 dxe5 24. dxe5 Be6 25. Qg3 Ra2 26. h4 g4 27. h5 Rxb2 28. Rd1 Kf8 29. Qf4 b4 30. cxb4 Rxb4 31. Qe3 Rbb8 32. Rc1 c4 33. Rc3 Rb5 34. Ra3 Rxe5 35. Qf4 c3 36. Qb4+ Kg8 0-1


[Site "https://www.chess.com"]

[Event "Titled Tuesday Blitz March 08 Early 2022"]
[White "Winkels, Marcel"]
[Black "Dejmek, Mark"]
[WhiteFideId "1003887"]
[BlackFideId "2017628"]
[WhiteElo "1900"]
[BlackElo "2247"]
[Result "1-0"]
[Round "04"]
[TimeControl "180+1"]
[Date "2022.03.09"]
[WhiteClock "0:01:00"]
[BlackClock "0:00:28"]

1. e4 e5 2. Nf3 Nc6 3. Bc4 Bc5 4. b4 Bxb4 5. c3 Be7 6. d4 Na5 7. Bd3 exd4 8. O-O Nf6 9. cxd4 d5 10. e5 Ne4 11. Nbd2 Nxd2 12. Bxd2 Nc6 13. Qc2 h6 14. h3 O-O 15. Rfe1 Nb4 16. Bxb4 Bxb4 17. Re3 c6 18. Rb1 Be7 19. Qe2 b5 20. Rc1 Bd7 21. e6 fxe6 22. Rxe6 Bxe6 23. Qxe6+ Kh8 24. Qg6 Kg8 25. Ne5 Rf5 26. Bxf5 Bf6 27. Be6+ 1-0


[Site "https://www.chess.com"]

[Event "Titled Tuesday Blitz March 08 Early 2022"]
[White "Yaniuk, Volodymyr"]
[Black "Caruana, Fabiano"]
[WhiteFideId "14133083"]
[BlackFideId "2020009"]
[WhiteElo "2207"]
[BlackElo "2744"]
[Result "0-1"]
[Round "04"]
[TimeControl "180+1"]
[Date "2022.03.08"]
[WhiteClock "0:00:05"]
[BlackClock "0:00:19"]

1. d4 d5 2. c4 c6 3. cxd5 cxd5 4. Bf4 Nc6 5. e3 Nf6 6. Nc3 a6 7. Bd3 Bg4 8. f3 Bd7 9. Rc1 e6 10. h4 Nh5 11. Nge2 Nxf4 12. Nxf4 Bd6 13. g3 O-O 14. Bb1 Rc8 15. Kf2 b5 16. Qd3 f5 17. h5 Qf6 18. Nce2 Rc7 19. a3 Rfc8 20. b4 Ne7 21. Rxc7 Rxc7 22. Rc1 Rc4 23. Qd2 Qh6 24. Rh1 Be8 25. g4 Qf6 26. Bd3 fxg4 27. fxg4 Qg5 28. Rg1 Qh4+ 29. Kf1 Rc8 30. Qe1 Qg5 31. Qb1 h6 32. Kf2 Bd7 33. Qd1 Rf8 34. Bb1 Qh4+ 35. Kf3 Be8 36. Rh1 Qg5 37. Qc2 g6 38. hxg6 Bxg6 39. Qd1 Be4+ 40. Kg3 Nf5+ 41. Kh2 Nxe3 42. Bxe4 Rxf4 43. Nxf4 Qxf4+ 44. Kh3 Qg3# 0-1


[Site "https://www.chess.com"]

[Event "Titled Tuesday Blitz March 08 Early 2022"]
[White "Zaksaite, Salomeja"]
[Black "Mangialardo, Tiago Carvalho"]
[WhiteFideId "12801496"]
[BlackFideId "2130718"]
[WhiteElo "1953"]
[BlackElo "2096"]
[Result "1-0"]
[Round "04"]
[TimeControl "180+1"]
[Date "2022.03.09"]
[WhiteClock "0:00:06"]
[BlackClock "0:00:01"]

1. e4 Nf6 2. e5 Nd5 3. c4 Nb6 4. c5 Nd5 5. Nc3 Nxc3 6. bxc3 d6 7. cxd6 exd6 8. exd6 Bxd6 9. Nf3 O-O 10. d4 Re8+ 11. Be2 Qe7 12. Be3 Nd7 13. O-O Nf6 14. Re1 Bg4 15. h3 Bh5 16. Rb1 c6 17. Qb3 b5 18. a4 a6 19. Ne5 Bxe2 20. Rxe2 Bxe5 21. Bf4 Bxf4 22. Rxe7 Rxe7 23. axb5 axb5 24. g3 Bd6 25. c4 Ne4 26. Qc2 bxc4 27. Re1 f5 28. Qxc4+ Kh8 29. Qxc6 Rae8 30. f3 Bb8 31. fxe4 Bxg3 32. Re2 fxe4 33. d5 e3 34. d6 Bf2+ 35. Kg2 Re6 36. d7 1-0


[Site "https://www.chess.com"]

[Event "Titled Tuesday Blitz March 08 Early 2022"]
[White "Zemerov, Vladimir"]
[Black "Bilan, Danila"]
[WhiteFideId "4111583"]
[BlackFideId "24161918"]
[WhiteElo "2277"]
[BlackElo "2164"]
[Result "0-1"]
[Round "04"]
[TimeControl "180+1"]
[Date "2022.03.09"]
[WhiteClock "0:01:01"]
[BlackClock "0:00:31"]

1. d4 d5 2. Nf3 c6 3. c4 e6 4. Nbd2 f5 5. e3 Nf6 6. Bd3 Bd6 7. Qc2 O-O 8. b3 Ne4 9. Bb2 Bd7 10. Ne5 Be8 11. f4 Qh4+ 12. g3 Nxg3 13. Nef3 Qh5 14. hxg3 Qxh1+ 15. Kf2 Qh5 16. Kg2 Nd7 17. Rh1 Qg6 18. Nh4 Qf7 19. cxd5 cxd5 20. g4 g6 21. g5 Nb6 22. Nhf3 Rc8 23. Qd1 a6 24. Qe2 Bd7 25. a3 Rc7 26. Nf1 Rfc8 27. Ng3 Bb5 28. Kh3 Rc2 29. Qxc2 Rxc2 30. Bxc2 a5 31. a4 Ba6 32. Rc1 Bb4 33. Ne5 Qe7 34. Rd1 Ba3 35. Bxa3 Qxa3 36. Rd2 Qc1 37. Rg2 Qxe3 38. Bd1 Bf1 39. Kh2 Bxg2 40. Kxg2 Qxd4 41. Be2 Qxf4 42. Nf3 e5 43. Ng1 e4 44. Nh3 Qd2 45. Kf1 d4 46. Ng1 d3 47. Bxd3 Qxd3+ 48. Kf2 Qxb3 49. N1e2 Qf3+ 50. Ke1 Nc4 51. Kd1 Ne3+ 52. Kd2 Nf1+ 53. Kc2 Nxg3 54. Nd4 Qd3+ 55. Kb2 Qxd4+ 56. Kb3 Qd3+ 57. Kb2 e3 58. Kc1 e2 59. Kb2 e1=Q 60. Ka2 Qee2+ 61. Ka1 Qdd1# 0-1


[Site "https://www.chess.com"]

[Event "Titled Tuesday Blitz March 08 Early 2022"]
[White "Zhu, Jiner"]
[Black "Guliev, Logman"]
[WhiteFideId "8608059"]
[BlackFideId "13400061"]
[WhiteElo "2281"]
[BlackElo "2128"]
[Result "0-1"]
[Round "04"]
[TimeControl "180+1"]
[Date "2022.03.09"]
[WhiteClock "0:00:49"]
[BlackClock "0:01:43"]

1. e4 c5 2. Nf3 d6 3. d4 cxd4 4. Nxd4 Nf6 5. Nc3 Nc6 6. Bg5 e6 7. Qd2 Be7 8. f3 O-O 9. O-O-O Nxd4 10. Qxd4 a6 11. h4 b5 12. Kb1 Bb7 13. g4 Qc7 14. Be3 b4 15. Na4 Rac8 16. Bd3 e5 17. Qb6 d5 18. Qxc7 Rxc7 19. g5 dxe4 20. gxf6 exd3 21. Rxd3 Bxf6 22. Bb6 Rc4 23. h5 e4 24. Rd7 Bc6 25. Rb7 0-1


[Site "https://www.chess.com"]

[Event "Titled Tuesday Blitz March 08 Early 2022"]
[White "Zierk, Steven"]
[Black "Al-Tarboush, Ward"]
[WhiteFideId "2034255"]
[BlackFideId "7601450"]
[WhiteElo "2494"]
[BlackElo "2276"]
[Result "0-1"]
[Round "04"]
[TimeControl "180+1"]
[Date "2022.03.08"]
[WhiteClock "0:00:05"]
[BlackClock "0:00:53"]

1. e4 e6 2. d4 d5 3. Nd2 c5 4. exd5 Qxd5 5. Ngf3 cxd4 6. Bc4 Qd6 7. O-O Nf6 8. Nb3 Nc6 9. Nbxd4 Nxd4 10. Nxd4 Be7 11. c3 O-O 12. Qe2 a6 13. Rd1 Qc7 14. a4 e5 15. Nc2 Bg4 16. f3 Bh5 17. Bg5 e4 18. Bxf6 Bxf6 19. Qxe4 Bg6 20. Qe2 Bxc2 21. Bxf7+ Rxf7 22. Qxc2 Raf8 23. Rd5 Qc4 24. Rad1 Qh4 25. a5 Bg5 26. Qf2 Qh6 27. Kh1 Bf4 28. g3 Be3 29. Qe2 Rxf3 30. Rd8 Qc6 31. Qg2 Rf1+ 32. Rxf1 Qxg2+ 33. Kxg2 Rxd8 34. Re1 Bg5 35. Re5 Bf6 36. Re2 Kf7 37. Kf3 Rd5 38. b4 Bxc3 39. Rc2 Be5 40. Ke4 0-1


[Site "https://www.chess.com"]

[Event "Titled Tuesday Blitz March 08 Early 2022"]
[White "Aggelis, Nikolaos"]
[Black "Osmonbekov, Talaibek"]
[WhiteFideId "4213220"]
[BlackFideId "2017253"]
[WhiteElo "2154"]
[BlackElo "2135"]
[Result "1-0"]
[Round "05"]
[TimeControl "180+1"]
[Date "2022.03.09"]
[WhiteClock "0:00:25"]
[BlackClock "0:00:01"]

1. d4 e6 2. g3 f5 3. Bg2 Nf6 4. Nc3 Be7 5. e4 fxe4 6. Nxe4 O-O 7. f4 d5 8. Nxf6+ Bxf6 9. Nf3 c5 10. O-O cxd4 11. Nxd4 Nc6 12. Nxc6 bxc6 13. c3 e5 14. fxe5 Bxe5 15. Rxf8+ Qxf8 16. Be3 a5 17. Qh5 Qd6 18. Rf1 Be6 19. Kh1 g6 20. Qe2 Bg7 21. Bf4 Qd7 22. Re1 Re8 23. Qa6 Bf7 24. Rf1 c5 25. Qxa5 d4 26. cxd4 cxd4 27. Qc5 h6 28. b4 Rc8 29. Qd6 Qxd6 30. Bxd6 Bxa2 31. b5 d3 32. b6 d2 33. b7 Rc1 34. b8=Q+ Kh7 35. Qb5 Bc4 36. Qxc4 Rxc4 37. Bf4 Bc3 38. Bf3 1-0


[Site "https://www.chess.com"]

[Event "Titled Tuesday Blitz March 08 Early 2022"]
[White "Aitbayev, Aslan"]
[Black "Dixit, Nikhil"]
[WhiteFideId "13704613"]
[BlackFideId "5059534"]
[WhiteElo "2385"]
[BlackElo "2223"]
[Result "0-1"]
[Round "05"]
[TimeControl "180+1"]
[Date "2022.03.09"]
[WhiteClock "0:00:15"]
[BlackClock "0:00:48"]

1. e4 g6 2. d4 Bg7 3. Nf3 d6 4. Nc3 Nf6 5. Be2 O-O 6. O-O Nc6 7. Be3 e5 8. d5 Ne7 9. Nd2 h5 10. h3 Nd7 11. Nc4 f5 12. exf5 Nxf5 13. Bd2 Nf6 14. Bd3 c6 15. Bg5 cxd5 16. Nxd5 Be6 17. Bxf5 gxf5 18. Nce3 f4 19. Nc4 b5 20. Nxf6+ Bxf6 21. Bxf6 Qxf6 22. Nxd6 Rad8 23. Ne4 Qg6 24. Qf3 Rd4 25. Nc3 b4 26. Nb5 Bd5 27. Nxd4 Bxf3 28. Nxf3 e4 29. Nd4 f3 30. g3 h4 31. g4 Rf4 32. Kh2 e3 33. fxe3 Rxd4 34. exd4 Qd6+ 35. Kh1 Qg3 36. Rxf3 Qxf3+ 37. Kh2 Qg3+ 38. Kh1 Qxh3+ 39. Kg1 Qxg4+ 40. Kf1 Qxd4 41. Ke2 Qxb2 42. Rg1+ Kf8 43. Rf1+ Ke8 44. Kd3 Qc3+ 45. Ke2 Qc4+ 46. Ke3 Qxf1 0-1


[Site "https://www.chess.com"]

[Event "Titled Tuesday Blitz March 08 Early 2022"]
[White "Aldokhin, Ivan"]
[Black "Hoffmann, Asa"]
[WhiteFideId "24115720"]
[BlackFideId "2001470"]
[WhiteElo "2231"]
[BlackElo "2117"]
[Result "1-0"]
[Round "05"]
[TimeControl "180+1"]
[Date "2022.03.09"]
[WhiteClock "0:00:09"]
[BlackClock "0:00:19"]

1. e4 d6 2. d4 Nf6 3. Nc3 c6 4. Bg5 Nbd7 5. f4 Qb6 6. Qd2 e5 7. Nf3 h6 8. Bxf6 gxf6 9. Bc4 Qxb2 10. O-O Qb6 11. Kh1 h5 12. fxe5 dxe5 13. dxe5 Bh6 14. Qd6 Qc5 15. Qxc5 Nxc5 16. exf6 Be6 17. Bxe6 Nxe6 18. Ne5 Bd2 19. Ne2 Ba5 20. Ng3 Bc7 21. Nd3 O-O-O 22. Nf5 Nd4 23. Nxd4 Rxd4 24. e5 c5 25. Rae1 c4 26. Nc5 b6 27. Ne4 Bxe5 28. Ng5 Bc7 29. Nxf7 Rf8 30. Ng5 Rd7 31. f7 Bd6 32. Re8+ Kc7 33. Ne6+ Kc6 34. Nxf8 Bxf8 35. Rxf8 1-0


[Site "https://www.chess.com"]

[Event "Titled Tuesday Blitz March 08 Early 2022"]
[White "Al-Tarboush, Ward"]
[Black "Nakamura, Hikaru"]
[WhiteFideId "7601450"]
[BlackFideId "2016192"]
[WhiteElo "2595"]
[BlackElo "3104"]
[Result "0-1"]
[Round "05"]
[TimeControl "180+1"]
[Date "2022.03.08"]
[WhiteClock "0:00:01"]
[BlackClock "0:00:45"]

1. e4 g6 2. d4 Bg7 3. Nf3 a6 4. c3 b5 5. Bd3 Bb7 6. O-O d6 7. Nbd2 Nd7 8. Re1 e5 9. Nf1 c5 10. Be3 Ngf6 11. Ng3 O-O 12. h3 exd4 13. cxd4 Re8 14. Bf4 Nb6 15. Rc1 cxd4 16. Nxd4 Nfd7 17. Bb1 Ne5 18. b3 Nbd7 19. Qd2 Nc5 20. Bh6 Bh8 21. Bg5 Qd7 22. f4 Ned3 23. Bxd3 Bxd4+ 24. Kh2 Rac8 25. Bb1 Bg7 26. Rcd1 Ne6 27. f5 Nxg5 28. Qxg5 Be5 29. Kh1 Qe7 30. Qg4 Kh8 31. Ne2 gxf5 32. Qxf5 Rg8 33. Rf1 Rg7 34. Rd2 Rcg8 35. Ng1 Bc8 36. Qh5 Bb7 37. Rdf2 f6 38. Nf3 Bg3 39. Re2 Bc8 40. Nd4 Be5 41. Nf5 Bxf5 42. exf5 Rg5 43. Qf3 Qg7 44. g4 h5 45. Rg2 Qh6 46. Kg1 Bd4+ 47. Kh2 hxg4 48. Qg3 Be5 49. Rf4 Bxf4 0-1


[Site "https://www.chess.com"]

[Event "Titled Tuesday Blitz March 08 Early 2022"]
[White "Antonio, Jorge Carlos"]
[Black "Krylov, Ivan"]
[WhiteFideId "113190"]
[BlackFideId "24128066"]
[WhiteElo "2247"]
[BlackElo "2258"]
[Result "1/2-1/2"]
[Round "05"]
[TimeControl "180+1"]
[Date "2022.03.09"]
[WhiteClock "0:01:06"]
[BlackClock "0:01:39"]

1. e4 c6 2. f4 d5 3. e5 c5 4. c3 Nc6 5. Nf3 Bg4 6. Be2 e6 7. d4 Qb6 8. Nbd2 cxd4 9. Nxd4 Bxe2 10. Nxe2 Bc5 11. Rf1 Nge7 12. Nb3 Be3 13. Bxe3 Qxe3 14. Qd2 Qxd2+ 15. Kxd2 h5 16. Ned4 Nxd4 17. Nxd4 Nc6 18. f5 Ke7 19. Rae1 h4 20. h3 Kd7 21. fxe6+ fxe6 22. Rf7+ Ne7 23. Rxg7 Rag8 24. Rxg8 Rxg8 25. Re2 1/2-1/2


[Site "https://www.chess.com"]

[Event "Titled Tuesday Blitz March 08 Early 2022"]
[White "Arabidze, Meri"]
[Black "Havanecz, Bianka"]
[WhiteFideId "13604040"]
[BlackFideId "704814"]
[WhiteElo "2335"]
[BlackElo "2383"]
[Result "1-0"]
[Round "05"]
[TimeControl "180+1"]
[Date "2022.03.09"]
[WhiteClock "0:00:17"]
[BlackClock "0:00:02"]

1. d4 c6 2. Nf3 d5 3. c4 Nf6 4. Nbd2 e6 5. g3 Be7 6. Bg2 O-O 7. O-O b6 8. Qc2 Bb7 9. e4 dxe4 10. Nxe4 Nbd7 11. Rd1 Nxe4 12. Qxe4 Qc8 13. Bg5 Nf6 14. Qe2 h6 15. Bf4 Bd8 16. c5 Bc7 17. Be5 Bxe5 18. Nxe5 Rd8 19. Rac1 b5 20. Qf3 Rd5 21. Qb3 Rd8 22. a4 a6 23. a5 Qc7 24. Qc3 Nd5 25. Qa3 f6 26. Nd3 Rd7 27. Bh3 Re8 28. b4 Bc8 29. Re1 Rde7 30. f4 Bd7 31. Qa2 Qc8 32. Re2 e5 33. Bxd7 Qxd7 34. dxe5 fxe5 35. Nxe5 Qc7 36. Rce1 Kh8 37. Qb3 Kg8 38. h4 Qc8 39. Kh2 Qc7 40. h5 Qc8 41. Qb1 Nc3 42. Qb3+ Nd5 43. Qd3 Nxb4 44. Qg6 Nd5 45. Re4 Qe6 46. Rd4 Qxg6 47. hxg6 Re6 48. Red1 Kf8 49. Kh3 Ke7 50. Nxc6+ Rxc6 51. Rxd5 Rxg6 52. Rd7+ Kf8 53. R1d3 Rge6 54. Ra7 Rc6 55. Rdd7 1-0


[Site "https://www.chess.com"]